 Dungeon Crawl Stone Soup version 0.29.1-15-g9cfb28693d (webtiles) character file.

Game seed: 2459696165990598595

212 Gabide the Trooper (level 5, -2/59 HPs)
             Began as an Ogre Monk on Apr 17, 2023.
             Slain by Grinder (4 damage)
             ... while paralysed by Grinder
             ... on level 3 of the Dungeon.
             The game lasted 00:04:28 (2975 turns).

Gabide the Trooper (Ogre Monk)                      Turns: 2975, Time: 00:04:28

Health: -2/59      AC:  4    Str: 17    XL:     5   Next: 89%
Magic:  5/5        EV:  1    Int: 17    God:
Gold:   207        SH:  0    Dex: 15    Spells: 4/4 levels left

rFire   . . .      SeeInvis .   i - +6 short sword of Cumoh {freeze, rPois Dex+4}
rCold   . . .      Faith    .   (no shield)
rNeg    . . .      Spirit   .   b - +1 robe
rPois   +          Reflect  +   (helmet restricted)
rElec   .          Harm     .   (no cloak)
rCorr   .          Rampage  .   (gloves unavailable)
Will    .....                   (boots unavailable)
Stlth   ++........              e - amulet of reflection
HPRegen 0.19/turn               o - +4 ring of evasion
MPRegen 0.09/turn               p - +6 ring of intelligence

@: paralysed
A: large, unfitting armour, tough skin 1
a: no special abilities


You were on level 3 of the Dungeon.
You visited 1 branch of the dungeon, and saw 4 of its levels.

You collected 207 gold pieces.

Inventory:

Hand Weapons
 a - a +1 hand axe
 i - the +6 short sword of Cumoh (weapon) {freeze, rPois Dex+4}
   (You found it on level 2 of the Dungeon)

   It freezes those it strikes, dealing additional cold damage.
   It can also slow down cold-blooded creatures.
   Dex:       It affects your dexterity (+4).
   rPois:     It protects you from poison.
Armour
 b - a +1 robe (worn)
Jewellery
 e - an amulet of reflection (around neck)
 o - a +4 ring of evasion (left hand)
 p - a +6 ring of intelligence (right hand)
Wands
 j - a wand of digging (2)
Scrolls
 g - 2 scrolls of teleportation
 q - a scroll of immolation
Potions
 c - 2 potions of ambrosia
 d - 2 potions of brilliance
 h - 4 potions of curing
 k - 2 potions of berserk rage
 m - 2 potions of might {unknown}
 n - a potion of mutation {unknown}


   Skills:
 + Level 5.8 Fighting
 * Level 5.3 Axes
 - Level 3.0 Dodging
 - Level 1.4 Stealth


You had 4 spell levels left.
You didn't know any spells.
Your spell library was empty.

Dungeon Overview and Level Annotations

Branches:
Dungeon (4/15)
 Temple: D:4-7

Altars:

Annotations:
D:3 Grinder


Innate Abilities, Weirdness & Mutations

You are too large for most types of armour.
You have tough skin. (AC +1)


Message History

Grinder hits you!
There is a stone staircase leading up, spattered with blood here.
The orc hits you with a +0 flail. Grinder gestures at you.
Pain shoots through your body!
You climb upwards.
There is a stone staircase leading down here.
You closely miss the orc. Grinder hits you!
You writhe in agony.
You block the orc's attack.
You hit the orc but do no damage. Grinder closely misses you.
The orc barely misses you.
You hit the orc but do no damage. Grinder hits you.
* * * LOW HITPOINT WARNING * * *
You writhe in agony.
* * * LOW HITPOINT WARNING * * *
The orc misses you.
You feel better. Grinder misses you. The orc barely misses you.
You hit the orc but do no damage. Grinder misses you.
The orc closely misses you.
You hit the orc but do no damage. Grinder barely misses you.
The orc misses you.
You hit the orc but do no damage. You block Grinder's attack.
The orc hits you with a +0 flail.
* * * LOW HITPOINT WARNING * * *
You hit the orc. You freeze the orc.
The orc is heavily wounded.
Grinder barely misses you. You block the orc's attack.
You closely miss the orc.
The orc is heavily wounded.
Grinder gestures at you.
You suddenly lose the ability to move!
The orc hits you with a +0 flail.
* * * LOW HITPOINT WARNING * * *
Grinder says, "Just stop there for a second..."
Grinder hits you but does no damage. The orc hits you but does no damage.
Grinder gestures at you.
You shrug off the repeated paralysis!
The orc hits you but does no damage. Grinder hits you!
* * * LOW HITPOINT WARNING * * *
You writhe in agony.
You die...

#............# #..#
##########.#.########..#
#........(....##
###.########.... #.#
#..## ####### #.# #..#
##.....## #.# ######..#
#..###..####.# #......##
#..# #.o@5...# #.####.#
#..###.)###### #.# #.#
#........# ####.####.#
#........# #.......#.#
#........# #>#####.#.#
#........# #.# #.#.###
#.##.###.## #.# #......
#.##.##...###.# #....##
#.##....#.....#####......


You could see Grinder and an orc.

Vanquished Creatures
  A hound (D:3)
  2 orc priests (D:3)
  3 adders
  2 worms
  3 dart slugs
  5 orcs (D:3)
  4 endoplasms
  A giant cockroach (D:3)
  8 goblins
  8 hobgoblins
  6 jackals
  3 quokkas (D:2)
  9 ball pythons
  5 bats
  4 frilled lizards
  5 kobolds
  7 rats
76 creatures vanquished.

Notes
Turn   | Place    | Note
-------+----------+-------------------------------------------
     0 | D:1      | Gabide the Ogre Monk began the quest for the Orb.
     0 | D:1      | Reached XP level 1. HP: 24/24 MP: 1/1
   185 | D:1      | Reached XP level 2. HP: 28/32 MP: 2/2
   585 | D:1      | Reached XP level 3. HP: 39/40 MP: 3/3
  1146 | D:2      | Identified the +6 short sword of Cumoh {freeze, rPois
                  | Dex+4}
  1362 | D:2      | Reached XP level 4. HP: 44/49 MP: 4/4
  1377 | D:2      | Reached skill level 5 in Fighting
  1880 | D:3      | Reached XP level 5. HP: 57/57 MP: 5/5
  2125 | D:3      | Found a faded altar of an unknown god.
  2209 | D:3      | Reached skill level 5 in Axes
  2825 | D:4      | Noticed Grinder
  2973 | D:3      | Paralysed by Grinder for 5 turns
  2975 | D:3      | HP: 2/59 [Grinder (9)]
  2975 | D:3      | Slain by Grinder

Illustrated notes

Levels and vault maps discovered:
D:1:      spicycebolla_green_bress_n_ham, layout_loops_ring,
          chequers_serial_rivers_micro_b
D:2:      layout_loops_cross
D:3:      layout_loops_ring, hellmonk_ecumenical_altar_blasted,
          wad_rectangle_vault
D:4:      layout_loops_ring, nicolae_overflow_hallway_of_the_gods,
          minmay_temple_entry_nine_rooms, uniq_grinder

Skill      XL: |  1  2  3  4  5 |
---------------+----------------+-----
Dodging        | 3 |  3.0
Axes           | 4 5 |  5.3
Fighting       | 5 |  5.8
Stealth        | |  1.4

Action                   |  1- 3 |  4- 6 || total
-------------------------+-------+-------++-------
Melee: Hand axe          |   118 |       ||   118
       Short sword       |    15 |    89 ||   104
       Punch             |     1 |       ||     1
Throw: Throwing net      |       |     1 ||     1
  Use: Scroll            |     2 |     8 ||    10
       Potion            |       |     1 ||     1
 Stab: Sleeping          |       |     2 ||     2
       Distracted        |       |     1 ||     1
Armor: Robe              |    55 |    20 ||    75
Dodge: Dodged            |    93 |    57 ||   150
Block: Other             |    36 |    17 ||    53
       Reflection        |     1 |       ||     1
